 Dungeon Crawl Stone Soup version 0.29.1-12-g30fa7ad0bf (webtiles) character file.

Game seed: 3626776492255930499

86 RapScallion the Covered (level 4, -8/35 HPs)
             Began as a Human Fighter on Jan 17, 2023.
             Mangled by Sigmund
             ... wielding a +0 scythe
              (10 damage)
             ... on level 2 of the Dungeon.
             The game lasted 00:05:56 (2029 turns).

RapScallion the Covered (Human Fighter)             Turns: 2029, Time: 00:05:57

Health: -8/35      AC:  6    Str: 19    XL:     4   Next: 78%
Magic:  4/4        EV:  9    Int:  8    God:
Gold:   75         SH:  4    Dex: 12    Spells: 3/3 levels left

rFire   . . .      SeeInvis .   a - +0 war axe
rCold   . . .      Faith    .   c - +0 buckler
rNeg    . . .      Spirit   .   b - +0 scale mail
rPois   .          Reflect  .   (no helmet)
rElec   .          Harm     .   (no cloak)
rCorr   .          Rampage  .   (no gloves)
Will    .....                   (no boots)
Stlth   ..........              (no amulet)
HPRegen 0.11/turn               (no ring)
MPRegen 0.09/turn               (no ring)

@: no status effects
A: no striking features
a: no special abilities


You were on level 2 of the Dungeon.
You visited 1 branch of the dungeon, and saw 2 of its levels.

You collected 75 gold pieces.

Inventory:

Hand Weapons
 a - a +0 war axe (weapon)
 k - a +2 dagger of holy wrath
Armour
 b - a +0 scale mail (worn)
 c - a +0 buckler (worn)
Scrolls
 e - 2 scrolls of teleportation {unknown}
 f - a scroll of magic mapping {unknown}
 i - 4 scrolls of identify {unknown}
Potions
 d - a potion of might
 g - 2 potions of heal wounds {unknown}
 h - a potion of invisibility {unknown}
 j - a potion of flight {unknown}


   Skills:
 + Level 3.5 Fighting
 + Level 2.8 Axes
 + Level 3.6 Armour
 + Level 0.6 Dodging
 + Level 0.2 Stealth
 + Level 3.4 Shields


You had 3 spell levels left.
You didn't know any spells.
Your spell library contained the following spells:

 Spells                   Type           Power      Damage    Failure   Level
 Petrify                  Tmut/Erth      0%         N/A       100%        4
 Metabolic Englaciation   Hex/Ice        0%         N/A       100%        5
 Statue Form              Tmut/Erth      0%         N/A       100%        6


Dungeon Overview and Level Annotations

Branches:
Dungeon (2/15)

Altars:

Annotations:
D:2 Sigmund


Message History

Sigmund hits you from afar with a +0 scythe.
The goblin hits you but does no damage. The goblin hits you with a +0 club.
You barely miss the goblin.
Sigmund points at you and mumbles some strange words.
The puff of flame hits you. The goblin closely misses you.
The goblin hits you with a +0 club.
Sigmund hits you from afar with a +0 scythe.
* * * LOW HITPOINT WARNING * * *
You block the goblin's attack.
A kobold comes into view. It is wielding a +0 hand axe.
You block the goblin's attack.
You closely miss the goblin.
The goblin hits you from afar with a +0 spear.
* * * LOW HITPOINT WARNING * * *
The goblin hits you with a +0 club.
* * * LOW HITPOINT WARNING * * *
The goblin hits you but does no damage.
Sigmund gestures wildly while chanting.
Sigmund flickers and vanishes!
Deactivating autopickup; reactivate with Ctrl-A.
Unknown command.
The goblin barely misses you.
The kobold throws a stone.
The stone hits you.
* * * LOW HITPOINT WARNING * * *
The goblin hits you but does no damage.
There are monsters nearby!
Something hits you.
* * * LOW HITPOINT WARNING * * *
The goblin hits you but does no damage.
Unknown command.
Unknown command.
Cleave: a) +0 war axe
Press: ? - help, Dir - move target, f - goblin
Aim: a goblin, wielding a +0 club (about 53% to evade your +0 war axe)
Okay, then.
Unknown command.
You closely miss the goblin.
The goblin hits you from afar with a +0 spear.
* * * LOW HITPOINT WARNING * * *
The goblin closely misses you. Something hits you!
You die...

####...###.##.##.# #.#
#..####.##.##.#####.#
###
#..##......##.......#
..#
#........####.#######
#.# #........####.#
#.######...).........#
.......##รท#####.#.####
#.####.##.#####.#.## #.#
#.##.......@..# ..#
#.#########.g.#.# ## ###
#.# #g{.#.# ..S
######.#### #.K.#.##.##
..........# #...#..... .
########..# #...#... ..
# #..######...#.##.#.. #
#####...........).......
#
#..<....................


You could see 2 goblins and a kobold.

Vanquished Creatures
  Natasha (twice) (D:2)
  2 dart slugs (D:1)
  2 bats (D:1)
  An endoplasm (D:1)
  A giant cockroach (D:2)
  3 goblins
  A hobgoblin (D:1)
  5 jackals (D:1)
  5 kobolds
  2 quokkas (D:1)
  3 ball pythons
  A frilled lizard (D:1)
  A rat (D:2)
29 creatures vanquished.

Vanquished Creatures (others)
  A plant (D:1)
1 creature vanquished.

Grand Total: 30 creatures vanquished

Notes
Turn   | Place    | Note
-------+----------+-------------------------------------------
     0 | D:1      | RapScallion the Human Fighter began the quest for the Orb.
     0 | D:1      | Reached XP level 1. HP: 18/18 MP: 1/1
   544 | D:1      | Reached XP level 2. HP: 24/24 MP: 2/2
   854 | D:1      | Reached XP level 3. HP: 29/29 MP: 3/3
  1238 | D:1      | Found a faded altar of an unknown god.
  1700 | D:2      | Noticed Natasha
  1715 | D:2      | Killed Natasha
  1716 | D:2      | Reached XP level 4. HP: 34/35 MP: 4/4
  1726 | D:2      | Noticed Natasha
  1732 | D:2      | Killed Natasha
  2015 | D:2      | Noticed Sigmund
  2029 | D:2      | Mangled by Sigmund

Illustrated notes

Levels and vault maps discovered:
D:1:      amcnicky_arrival_abandoned_market, layout_loops_cross,
          ebering_ecumenical_altar_hall, corexii_leaking_fountain,
          minmay_shallow_snake_nest
D:2:      layout_loops_cross, serial_shops, nicolae_shop_hallway_stairs,
          kennysheep_generic_room_5, uniq_natasha, uniq_sigmund

Action                   |  1- 3 |  4- 6 || total
-------------------------+-------+-------++-------
Melee: War axe           |    92 |    13 ||   105
Armor: Scale mail        |    55 |     8 ||    63
Dodge: Dodged            |    47 |    12 ||    59
Block: Buckler           |    22 |     5 ||    27
